 Dungeon Crawl Stone Soup version 0.22.0 (webtiles) character file.

120362 Flugkiller the Severer (level 16, -10/147 HPs)
             Began as a Hill Orc Monk on Aug 11, 2018.
             Was a High Priest of Beogh.
             Killed from afar by a naga mage (22 damage)
             ... with a poison arrow
             ... on level 3 of the Snake Pit.
             The game lasted 01:14:00 (36577 turns).

Flugkiller the Severer (Hill Orc Monk)             Turns: 36577, Time: 01:14:01

Health: -10/147    AC: 24    Str: 21    XL:     16   Next: 82%
Magic:  24/27      EV: 16    Int: 10    God:    Beogh [*****.]
Gold:   2238       SH: 12    Dex: 13    Spells: 15/15 levels left

rFire    + . .     SeeInvis .   M - +3 broad axe
rCold    . . .     Gourm    .   F - +0 shield
rNeg     . . .     Faith    .   K - +1 chain mail {rF+}
rPois    .         Spirit   .   H - +2 helmet
rElec    .         Reflect  .   C - +0 cloak
rCorr    .         Harm     .   L - +0 pair of gloves
MR       +....                  W - +2 pair of boots
Stlth    ..........             e - amulet of rage
HPRegen  0.34/turn              V - +3 ring of evasion
MPRegen  0.20/turn              J - ring of Roshryjoc {Slay+2 Stlth-}

@: lethally poisoned (-10 -> -29), berserk cooldown, slowed, very slow
A: walk on water
a: Smiting, Recall Orcish Followers, Give Item to Named Follower, Renounce
Religion, Evoke Berserk Rage


You were on level 3 of the Snake Pit.
You worshipped Beogh.
Beogh was extremely pleased with you.
You were not hungry.

You visited 4 branches of the dungeon, and saw 26 of its levels.
You also visited: Ossuary.

You collected 2806 gold pieces.
You spent 568 gold pieces at shops.

Inventory:

Hand Weapons
 M - a +3 broad axe (weapon)
 R - a +1 war axe of chopping
Missiles
 m - 3 throwing nets (quivered)
Armour
 A - a +2 chain mail of magic resistance
 C - a +0 cloak (worn)
 F - a +0 shield (worn)
 H - a +2 helmet (worn)
 K - a +1 chain mail of fire resistance (worn)
 L - a +0 pair of gloves (worn)
 W - a +2 pair of boots (worn)
Jewellery
 d - an uncursed ring of fire
 e - an amulet of rage (around neck)
 h - a +6 ring of intelligence
 J - the ring of Roshryjoc (right hand) {Slay+2 Stlth-}
   (You found it on level 1 of the Lair of Beasts)

   [ring of attention]

   It affects your accuracy and damage with ranged weapons and melee attacks
   (+2).
   It makes you less stealthy.
 U - an uncursed ring of protection from cold
 V - a +3 ring of evasion (left hand)
Wands
 g - a wand of iceblast (14)
 s - a wand of digging (14)
 t - a wand of scattershot (1)
 u - a wand of flame (17)
 w - a wand of random effects (61)
 E - a wand of paralysis (17)
 N - a wand of enslavement (10)
 P - a wand of clouds (2)
Scrolls
 o - 9 scrolls of enchant armour
 q - 3 scrolls of enchant weapon
 r - 16 scrolls of remove curse
 v - 2 scrolls of blinking
 y - 13 scrolls of teleportation
 B - 3 scrolls of magic mapping
 D - 3 scrolls of fog
 G - a scroll of immolation
 I - 3 scrolls of summoning
 Q - a scroll of silence
 T - a scroll of fear
 X - 2 scrolls of identify
 Y - a scroll of brand weapon {unknown}
Potions
 a - 3 potions of cancellation
 b - 3 potions of ambrosia
 f - a potion of agility
 i - 14 potions of curing
 j - 2 potions of resistance
 k - 5 potions of haste
 l - a potion of brilliance
 n - 6 potions of heal wounds
 p - 2 potions of magic
 x - 2 potions of flight
 z - a potion of invisibility
 O - 4 potions of might
 S - a potion of mutation
Comestibles
 c - 42 rations


   Skills:
 + Level 14.6 Fighting
 + Level 17.0 Axes
 + Level 13.1 Armour
 + Level 11.0 Dodging
 - Level 1.5 Stealth
 + Level 10.4 Shields
 - Level 15.1 Invocations
 - Level 5.0 Evocations


You had 15 spell levels left.
You didn't know any spells.
Your spell library contained the following spells:

 Spells                   Type           Power        Failure   Level  Hunger
 Magic Dart               Conj           #...         98%         1    ##.....
 Apportation              Tloc           #.....       98%         1    ##.....
 Conjure Flame            Conj/Fire      #.......     100%        3    ####...
 Bolt of Cold             Conj/Ice       #.........   100%        6    #######
 Slow                     Hex            #.......     99%         2    ###....
 Confuse                  Hex            #.......     100%        3    ####...
 Freezing Cloud           Conj/Ice/Air   #.........   100%        6    #######
 Mephitic Cloud           Conj/Pois/Air  #.......     100%        3    ####...
 Death's Door             Chrm/Necr      #.........   100%        8    #######
 Summon Small Mammal      Summ           #...         98%         1    ##.....
 Blink                    Tloc           N/A          99%         2    ###....
 Iskenderun's Mystic Bla  Conj           #.......     100%        4    #####..
 Animate Skeleton         Necr           N/A          98%         1    ##.....
 Haunt                    Necr/Summ      #.........   100%        7    #######
 Borgnjor's Revivificati  Necr           #.........   100%        8    #######
 Ozocubu's Refrigeration  Ice            #.........   100%        6    #######
 Summon Ice Beast         Ice/Summ       #.......     100%        4    #####..
 Call Imp                 Summ           #.......     99%         2    ###....
 Regeneration             Chrm/Necr      #.........   100%        3    ####...
 Stone Arrow              Conj/Erth      #.....       100%        3    ####...
 Ice Form                 Ice/Tmut       #.......     100%        4    #####..
 Necromutation            Tmut/Necr      #.........   100%        8    #######
 Confusing Touch          Hex            #.....       98%         1    ##.....
 Passwall                 Tmut/Erth      #.......     99%         2    ###....
 Call Canine Familiar     Summ           #.......     100%        3    ####...
 Metabolic Englaciation   Hex/Ice        #.........   100%        5    ######.
 Lee's Rapid Deconstruct  Erth           #.........   100%        5    ######.
 Sandblast                Erth           #.....       98%         1    ##.....
 Simulacrum               Ice/Necr       #.........   100%        6    #######
 Petrify                  Tmut/Erth      #.......     100%        4    #####..
 Shroud of Golubria       Chrm/Tloc      #.........   99%         2    ###....
 Fulminant Prism          Conj/Hex       #.........   100%        4    #####..
 Dazzling Spray           Conj/Hex       #.....       100%        3    ####...
 Force Lance              Conj/Tloc      #.......     100%        4    #####..
 Infusion                 Chrm           #...         98%         1    ##.....
 Song of Slaying          Chrm           #.......     99%         2    ###....
 Spectral Weapon          Hex/Chrm       #.......     100%        3    ####...
 Searing Ray              Conj           #.....       99%         2    ###....
 Summon Lightning Spire   Summ/Air       #.......     100%        4    #####..
 Summon Guardian Golem    Hex/Summ       #.......     100%        3    ####...
 Gell's Gravitas          Tloc           #.........   100%        3    ####...
 Yara's Violent Unravell  Hex/Tmut       #.........   100%        5    ######.
 Infestation              Necr           #.........   100%        8    #######


Dungeon Overview and Level Annotations

Branches:
Dungeon (15/15)            Temple (0/1) D:4            Lair (6/6) D:10
 Shoals (0/4) Lair:3        Snake (3/4) Lair:4        Slime (0/5) Lair:5
    Orc (2/2) D:12            Elf (0/3) Orc:2        Vaults (0/5) D:14
 Depths (0/5) D:15

Altars:
Cheibriados
Dithmenos
Elyvilon
Xom
Jiyva

Shops:
D:6 ?   Orc:1 ?   Orc:2 !%[?   Snake:2 %

Annotations:
D:5 1 runed door
Lair:4 exclusions: lindwurm and 10 more exclusions
Lair:5 3 runed doors, Geinyojo's ghost, journeyman MiBe
Lair:6 1 runed door


Message History

The shock serpent is severely wounded.
The shock serpent's electric aura discharges, shocking you!
* * * LOW HITPOINT WARNING * * *
You are no longer berserk.
You are exhausted.
You feel yourself slow down. The shock serpent misses you.
Unknown command.
Aiming: Smiting
Press: ? - help, Dir - move target cursor, f - shock serpent Smite: a shock serpent (severely wounded)
You smite the shock serpent!
You kill the shock serpent!
Beogh accepts your kill.
The air sparks with electricity, shocking you!
* * * LOW HITPOINT WARNING * * *
You feel sick. The naga mage casts a spell at you. The poison arrow hits you!
You are lethally poisoned!
You die...

....... ....... .......
S...... ....... ......(
#################N......
#)......(...).(@)N......
##.##############.......
#.# ....... #.# .......
#.# ....... #.# .......
#.# ....... #.# .....N.
#.#


You could see a naga warrior and a naga mage.

Vanquished Creatures
  Nikola (Snake:2)
  A nagaraja (Snake:3)
  Fannar (D:11)
  Josephine (D:11)
  4 hydras
  A death knight (D:14)
  4 naga warriors
  8 anacondas
  3 two-headed ogres
  A tengu warrior (D:13)
  An orc high priest (Orc:1)
  A death yak (D:7)
  4 naga sharpshooters
  3 shock serpents
  A shock serpent (shapeshifter) (D:15)
  A salamander mystic (Lair:4)
  2 unseen horrors
  A glowing orange brain (D:15)
  2 naga ritualists
  2 orc knights (Orc:2)
  A wolf spider zombie (D:15)
  3 oklob plants (Lair:1)
  An orc sorcerer (Orc:1)
  5 mana vipers
  8 ugly things
  2 cyclopes
  2 manticores
  7 salamanders
  20 black mambas
  A centaur zombie (D:14)
  A guardian serpent (Snake:3)
  11 naga magi
  3 torpor snails (Lair:6)
  4 elephants (Lair:6)
  A centaur skeleton (D:12)
  8 spiny frogs
  2 kobold demonologists
  2 komodo dragons
  A rime drake (Lair:6)
  2 freezing wraiths (D:14)
  A tengu conjurer (D:13)
  2 trolls (Orc:1)
  3 polar bears (Lair:6)
  A queen bee (Lair:3)
  A merfolk (Lair:3)
  A tyrant leech (Lair:6)
  2 hornets (Lair:6)
  5 slime creatures
  A blink frog (Lair:4)
  6 hippogriffs
  2 wyverns
  3 shadows
  2 wraiths
  A vampire (D:12)
  A yak (shapeshifter) (D:15)
  24 yaks
  A basilisk (Lair:6)
  A hog (D:13)
  A hungry ghost (D:8)
  A steam dragon (D:14)
  Edmund (D:5)
  6 wargs
  15 nagas
  11 water moccasins
  9 hell hounds (Lair:6)
  2 porcupines
  An acid dragon (D:15)
  Duvessa (D:6)
  14 orc warriors
  An ice beast (D:13)
  2 sky beasts
  A hornet zombie (D:14)
  8 black bears (Lair:6)
  An eye of draining (D:14)
  A necrophage (D:8)
  8 ogres
  7 wolves
  8 crocodiles
  5 centaurs
  12 bullfrogs
  5 big kobolds
  A big kobold (shapeshifter) (D:15)
  2 elf zombies (Ossuary)
  Dowan (D:6)
  2 scorpions
  A wyvern skeleton (D:14)
  16 killer bees
  9 wights
  4 howler monkeys
  An electric eel (Lair:3)
  5 crimson imps
  A bullfrog zombie (D:11)
  3 hounds
  A bullfrog skeleton (D:9)
  6 orc priests
  3 human zombies (Ossuary)
  3 jellies (D:12)
  2 orc wizards
  5 iguanas
  8 worker ants
  A big kobold zombie (Ossuary)
  2 hound skeletons
  4 mummies (Ossuary)
  2 worker ant zombies (D:8)
  A howler monkey zombie (D:9)
  2 howler monkey skeletons
  14 adders
  2 shadow imps
  5 oozes (D:12)
  2 adder skeletons (D:7)
  An adder zombie (Ossuary)
  7 worms
  5 dart slugs
  5 leopard geckos
  13 orcs
  5 bats
  3 giant cockroaches
  13 goblins
  8 hobgoblins
  12 jackals
  24 kobolds
  6 quokkas
  A ball python (D:3)
  3 frilled lizards
  A hobgoblin zombie (Ossuary)
  A jackal zombie (Ossuary)
  4 leopard gecko skeletons
  A quokka skeleton (D:9)
  9 rats
  3 rat zombies (Ossuary)
  2 fungi
  4 plants
547 creatures vanquished.

Vanquished Creatures (collateral kills)
  Saint Roka (Snake:2)
  Kirke (D:15)
  A nagaraja (Snake:2)
  An orc warlord (Orc:1)
  A stone giant (Orc:1)
  2 naga warriors (Snake:2)
  6 hydras
  3 centaur warriors
  A two-headed ogre (D:13)
  An alligator (Lair:6)
  An anaconda (Snake:1)
  An orc high priest (Orc:2)
  2 naga sharpshooters
  A shadow wraith (D:14)
  A wolf spider zombie (D:12)
  2 naga ritualists
  3 lindwurms
  5 orc knights
  A deep elf mage (D:14)
  4 ugly things (D:14)
  A mana viper (Snake:2)
  2 salamanders
  5 cyclopes
  An elephant (Lair:6)
  A merfolk siren (Lair:3)
  6 black mambas
  2 naga magi (Snake:1)
  A black mamba (shapeshifter) (D:14)
  2 torpor snails (Lair:6)
  A centaur skeleton (D:12)
  A gargoyle (D:11)
  9 spiny frogs
  6 komodo dragons
  A yaktaur (D:15)
  A freezing wraith (D:15)
  An efreet (D:14)
  5 trolls
  3 tyrant leeches (Lair:6)
  8 polar bears (Lair:6)
  A harpy skeleton (D:14)
  A hornet (shapeshifter) (D:15)
  2 raiju (Lair:6)
  6 hornets (Lair:6)
  14 blink frogs
  3 slime creatures (D:12)
  6 hippogriffs
  2 wraiths (D:11)
  A wyvern (Lair:6)
  27 yaks
  5 hogs (D:13)
  A hungry ghost (D:11)
  10 wargs
  12 water moccasins
  3 nagas (Lair:4)
  An acid dragon (D:12)
  2 soldier ants
  4 hell hounds (Lair:6)
  6 porcupines
  13 orc warriors
  5 black bears
  2 ice beasts
  2 sky beasts
  An eye of draining (D:10)
  3 centaurs
  3 ogres
  11 wolves
  14 crocodiles
  2 big kobolds (D:15)
  2 bullfrogs
  17 killer bees
  A scorpion (D:14)
  A crimson imp (D:14)
  A centaur zombie (D:9)
  A hound (D:11)
  A quasit (D:11)
  A bullfrog zombie (D:10)
  A jelly (D:10)
  8 orc priests
  5 orc wizards
  A bullfrog skeleton (D:11)
  An iguana (D:9)
  4 worker ants
  2 adders
  A shadow imp (D:10)
  A leopard gecko (D:11)
  14 orcs
  10 kobolds
  A bush (Lair:3)
  14 fungi
  15 plants
362 creatures vanquished.

Vanquished Creatures (others)
  3 orc high priests (Orc:2)
  20 orc warriors
  10 orc knights
  25 orc priests
  7 orc wizards
  56 orcs
  A goblin (D:1)
  5 fungi
  27 plants
154 creatures vanquished.

Grand Total: 1063 creatures vanquished

Notes
Turn   | Place    | Note
-------+----------+-------------------------------------------
     0 | D:1      | Flugkiller the Hill Orc Monk began the quest for the Orb.
     0 | D:1      | Reached XP level 1. HP: 19/19 MP: 1/1
   204 | D:1      | Reached XP level 2. HP: 27/27 MP: 2/2
   372 | D:1      | Reached skill level 1 in Armour
   628 | D:1      | Reached XP level 3. HP: 33/33 MP: 3/3
  1127 | D:2      | Found a snail-covered altar of Cheibriados.
  1137 | D:2      | Reached skill level 5 in Axes
  1590 | D:2      | Reached XP level 4. HP: 38/40 MP: 4/4
  1656 | D:2      | Became a worshipper of Beogh the Brigand
  1656 | D:2      | Reached * piety under Beogh
  1656 | D:2      | Reached ** piety under Beogh
  1672 | D:2      | Reached skill level 1 in Evocations
  2242 | D:3      | Reached XP level 5. HP: 47/47 MP: 5/5
  2566 | D:3      | Reached skill level 6 in Axes
  3105 | D:3      | Reached XP level 6. HP: 55/55 MP: 3/7
  3576 | D:4      | Found a staircase to the Ecumenical Temple.
  3734 | D:4      | Reached skill level 5 in Fighting
  3965 | D:5      | Entered Level 5 of the Dungeon
  4087 | D:5      | Found a sand-covered staircase.
  4105 | Ossuary  | Entered an ossuary
  4115 | Ossuary  | Reached *** piety under Beogh
  4130 | Ossuary  | Reached skill level 7 in Axes
  4132 | Ossuary  | Reached XP level 7. HP: 34/61 MP: 8/8
  4802 | D:5      | Noticed Edmund
  4810 | D:5      | Killed Edmund
  4810 | D:5      | Reached skill level 8 in Axes
  4977 | D:5      | Found a runed door.
  5140 | D:6      | Noticed Dowan
  5474 | D:6      | Noticed Duvessa
  5494 | D:6      | Killed Duvessa
  5494 | D:6      | Reached XP level 8. HP: 61/70 MP: 5/10
  5505 | D:6      | Killed Dowan
  5926 | D:6      | Found Bucw's Magic Scroll Shoppe.
  5934 | D:6      | Bought a scroll of teleportation for 36 gold pieces
  5934 | D:6      | Bought a scroll of teleportation for 36 gold pieces
  6024 | D:6      | Bought a scroll of identify for 24 gold pieces
  6205 | D:7      | Found a shimmering altar of Xom.
  6335 | D:7      | Found a shadowy altar of Dithmenos.
  6371 | D:7      | Reached skill level 1 in Shields
  6392 | D:7      | Reached skill level 9 in Axes
  6794 | D:7      | Found a white marble altar of Elyvilon.
  7044 | D:7      | Noticed a hippogriff
  7323 | D:7      | Noticed a hippogriff
  7338 | D:7      | Killed a hippogriff
  7338 | D:7      | Reached skill level 5 in Armour
  7343 | D:7      | Reached XP level 9. HP: 67/78 MP: 12/12
  7726 | D:7      | Reached skill level 10 in Axes
  8668 | D:8      | Reached skill level 5 in Invocations
  8731 | D:8      | Reached skill level 5 in Evocations
  8782 | D:8      | Noticed a death yak
  9026 | D:7      | Killed a death yak
  9026 | D:7      | Reached skill level 11 in Axes
  9026 | D:7      | Reached XP level 10. HP: 63/88 MP: 14/14
 10039 | D:8      | Reached skill level 12 in Axes
 10569 | D:9      | Reached **** piety under Beogh
 11204 | D:10     | Entered Level 10 of the Dungeon
 11356 | D:10     | Gained Nordag as an ally
 11596 | D:10     | Reached XP level 11. HP: 95/95 MP: 17/17
 11627 | D:10     | Gained Orik as an ally
 11790 | D:10     | Found a staircase to the Lair.
 11926 | Lair:1   | Entered Level 1 of the Lair of Beasts
 11942 | Lair:1   | Noticed a six-headed hydra
 11948 | Lair:1   | Killed a six-headed hydra
 11948 | Lair:1   | Reached skill level 5 in Shields
 12130 | Lair:1   | Noticed a four-headed hydra
 12137 | Lair:1   | Killed a four-headed hydra
 12137 | Lair:1   | Reached skill level 13 in Axes
 12445 | Lair:1   | Gained Morun as an ally
 12711 | Lair:1   | Noticed an oklob plant
 12711 | Lair:1   | Noticed an oklob plant
 12711 | Lair:1   | Noticed an oklob plant
 12989 | Lair:1   | Killed an oklob plant
 13314 | Lair:1   | Killed an oklob plant
 13323 | Lair:1   | Killed an oklob plant
 13332 | Lair:1   | Got a crystal great sword
 13335 | Lair:1   | Got a faintly glowing iron ring
 13999 | Lair:2   | Reached skill level 14 in Axes
 14052 | Lair:2   | Reached skill level 10 in Fighting
 14052 | Lair:2   | Reached XP level 12. HP: 34/106 MP: 19/19
 14454 | Lair:2   | Identified the ring of Roshryjoc {Slay+2 Stlth-} (You found it on level 1 of the Lair of Beasts)
 14488 | Lair:2   | Reached skill level 10 in Invocations
 15666 | Lair:3   | Gained Bogwik as an ally
 15930 | Lair:3   | Noticed a six-headed hydra
 15932 | Lair:3   | Killed a six-headed hydra
 15954 | Lair:3   | Noticed a seven-headed hydra
 15959 | Lair:3   | Killed a seven-headed hydra
 16414 | Lair:3   | Reached skill level 15 in Axes
 16486 | Lair:3   | Found a staircase to the Shoals.
 16959 | Lair:4   | Found a shimmering altar of Xom.
 17253 | Lair:4   | Noticed a six-headed hydra
 17269 | Lair:4   | Killed a seven-headed hydra
 17325 | Lair:4   | Found a staircase to the Snake Pit.
 18002 | Lair:5   | Reached XP level 13. HP: 97/115 MP: 21/21
 18007 | Lair:5   | Reached ***** piety under Beogh
 18106 | Lair:5   | Reached skill level 5 in Dodging
 18200 | Lair:5   | Found a runed gate.
 18200 | Lair:5   | Found a runed gate.
 18201 | Lair:5   | Found a runed gate.
 18208 | Lair:5   | Noticed Geinyojo's ghost (journeyman MiBe)
 18384 | Lair:5   | Found a staircase to the Slime Pits.
 18385 | Lair:5   | Found a viscous altar of Jiyva.
 19016 | Lair:6   | Entered Level 6 of the Lair of Beasts
 19421 | Lair:6   | Reached skill level 16 in Axes
 19759 | Lair:6   | Reached skill level 10 in Armour
 20146 | Lair:6   | Paralysed by a hornet for 3 turns
 20167 | Lair:6   | Paralysed by a hornet for 2 turns
 20492 | Lair:6   | Found a runed door.
 20571 | Lair:6   | Paralysed by a hornet for 3 turns
 21035 | Lair:6   | Reached XP level 14. HP: 96/125 MP: 23/23
 21285 | Lair:6   | Reached ****** piety under Beogh
 21745 | Lair:6   | Got a brightly glowing scythe
 22041 | D:11     | Noticed Fannar
 22058 | D:11     | Killed Fannar
 22163 | D:11     | Gained Bogbarth as an ally
 22370 | D:11     | Noticed Josephine
 22378 | D:11     | Killed Josephine
 22378 | D:11     | Gained Orkwin as an ally
 22430 | D:11     | Gained Okrist as an ally
 22787 | D:12     | Found a staircase to the Orcish Mines.
 23609 | D:13     | Your ally Nordag died
 23614 | D:13     | Your ally Orkwin died
 23846 | D:13     | Gained Orkrul as an ally
 24413 | D:14     | Your ally Morun died
 24913 | D:14     | Reached XP level 15. HP: 134/134 MP: 24/24
 25351 | D:14     | Found a gate to the Vaults.
 25571 | D:15     | Entered Level 15 of the Dungeon
 25887 | D:15     | Found a staircase to the Depths.
 26202 | D:15     | Your ally Okrist died
 26324 | D:15     | Noticed Kirke
 26333 | D:15     | Killed Kirke
 26769 | Orc:1    | Entered Level 1 of the Orcish Mines
 26793 | Orc:1    | Gained Wardok as an ally
 26813 | Orc:1    | Found Efiddao's Magic Scroll Emporium.
 27119 | Orc:1    | Noticed an orc warlord
 27129 | Orc:1    | Killed an orc warlord
 27363 | Orc:1    | Bought a scroll of blinking for 105 gold pieces
 27363 | Orc:1    | Bought a scroll of fear for 49 gold pieces
 27363 | Orc:1    | Bought a scroll of identify for 28 gold pieces
 27363 | Orc:1    | Bought a scroll of identify for 28 gold pieces
 27363 | Orc:1    | Bought a scroll of identify for 28 gold pieces
 27529 | Orc:2    | Entered Level 2 of the Orcish Mines
 27566 | Orc:2    | Gained Spirok as an ally
 27705 | Orc:2    | Reached skill level 10 in Dodging
 27835 | Orc:2    | Found a staircase to the Elven Halls.
 28052 | Orc:2    | Your ally Wardok died
 28064 | Orc:2    | Your ally Spirok died
 28715 | Orc:2    | Found Icsooloq's Distillery.
 28715 | Orc:2    | Found Xapaerie's Magic Scroll Boutique.
 28716 | Orc:2    | Found Nybbeng's Food Boutique.
 28716 | Orc:2    | Found Ajepp's Antique Armour Shop.
 28723 | Orc:2    | Bought a potion of heal wounds for 75 gold pieces
 28723 | Orc:2    | Bought a potion of heal wounds for 75 gold pieces
 28727 | Orc:2    | Bought a scroll of teleportation for 42 gold pieces
 28727 | Orc:2    | Bought a scroll of teleportation for 42 gold pieces
 29474 | Snake:1  | Entered Level 1 of the Snake Pit
 31382 | Snake:1  | Gained Marbaugh as an ally
 31818 | Snake:1  | Reached XP level 16. HP: 126/145 MP: 26/26
 32548 | Snake:2  | Noticed Nikola
 32571 | Snake:2  | Killed Nikola
 32910 | Snake:2  | Your ally Marbaugh died
 33619 | Snake:2  | Noticed Saint Roka
 33632 | Snake:2  | Killed Saint Roka
 33869 | Snake:2  | HP: 7/147 [poisoned by a naga mage (bolt of poison)]
 33874 | Snake:2  | HP: 5/147 [poisoned by a naga mage (bolt of poison)]
 33879 | Snake:2  | HP: 3/147 [poisoned by a naga mage (bolt of poison)]
 33885 | Snake:2  | HP: 2/147 [poisoned by a naga mage (bolt of poison)]
 33892 | Snake:2  | HP: 3/147 [poisoned by a naga mage (bolt of poison)]
 33900 | Snake:2  | HP: 4/147 [poisoned by a naga mage (bolt of poison)]
 34348 | Snake:2  | Reached skill level 10 in Shields
 34845 | Snake:2  | Reached skill level 15 in Invocations
 35288 | Snake:2  | Noticed a nagaraja
 35297 | Snake:2  | Killed a nagaraja
 35672 | Snake:2  | Found Uniynwyg's Food Shoppe.
 35922 | Snake:3  | Noticed a nagaraja
 36558 | Snake:3  | Killed a nagaraja
 36558 | Snake:3  | Reached skill level 17 in Axes
 36577 | Snake:3  | Killed from afar by a naga mage

Skill      XL: |  1  2  3  4  5  6  7  8  9 10 11 12 13 14 15 16 |
---------------+-------------------------------------------------+-----
Armour         | 1 2 3 4 5 6 7 8 9 10 11 12 13 | 13.1
Fighting       | 4 5 6 7 8 10 11 12 13 14 | 14.6
Axes           | 5 6 7 8 9 11 12 14 15 16 17 | 17.0
Evocations     | 1 2 3 4 5 |  5.0
Shields        | 2 4 6 7 9 10 | 10.4
Invocations    | 2 6 8 9 11 12 13 14 15 | 15.1
Dodging        | 4 6 8 10 11 | 11.0
Stealth        | |  1.5

Action                   |  1- 3 |  4- 6 |  7- 9 | 10-12 | 13-15 | 16-18 || total
-------------------------+-------+-------+-------+-------+-------+-------++-------
Melee: Hand axe          |   128 |   250 |    46 |       |       |       ||   424
       War axe           |       |       |   340 |   635 |   694 |       ||  1669
       Broad axe         |       |       |       |       |   491 |   325 ||   816
Invok: Convert to Beogh  |       |     1 |       |       |       |       ||     1
       Smiting           |       |     2 |    10 |    11 |    20 |     5 ||    48
       Recall Orcish Fol |       |       |       |     1 |    10 |       ||    11
       Give Item to Name |       |       |       |       |     3 |       ||     3
       Resurrection      |       |       |       |       |     1 |       ||     1
 Abil: Evoke Berserk Rag |       |    10 |     4 |     4 |     3 |     2 ||    23
Evoke: Wand              |       |       |     2 |    13 |     8 |       ||    23
  Use: Scroll            |     2 |     9 |     4 |     7 |    11 |     1 ||    34
       Potion            |       |     1 |     1 |       |     2 |     2 ||     6
 Stab: Sleeping          |     2 |       |       |       |       |       ||     2
       Paralysed         |       |       |       |    13 |       |       ||    13
       Distracted        |       |       |       |     5 |    16 |     2 ||    23
  Eat: Ration            |     1 |     1 |     2 |     5 |     9 |     4 ||    22
       Chunk             |       |    14 |    11 |    18 |    16 |     3 ||    62
Armor: Robe              |     3 |       |       |       |       |       ||     3
       Ring mail         |     4 |       |       |       |       |       ||     4
       Chain mail        |    38 |   156 |   216 |   175 |   462 |   104 ||  1151
       Plate armour      |       |       |       |   126 |    22 |       ||   148
Dodge: Dodged            |    46 |   116 |   109 |   128 |   479 |   143 ||  1021
Block: Buckler           |       |       |    51 |    36 |       |       ||    87
       Shield            |       |       |       |   191 |   601 |   189 ||   981
